Map: [ESL] Oceanborn

Players

MeomaikA - Winner!

  • Race: Zerg Zerg
  • Spawn Location: 11:00

SCV

  • Race: Protoss Protoss
  • Spawn Location: 5:00

Event: ESL SC2 Masters 2023 Winter (Regional)

VOD

Have the link to the VOD?

Description

Time

  • Played on: Nov. 4, 2023, 8:13 a.m.
  • Length: 9:14

All games in this series

Show
View Real Time Build Order
Export as new Build Order

MeomaikA Zerg - Winner!

Build Orders: Pool First 

Get SALT Encoding   

  12  0:00  Drone  
  13  0:12  Overlord  
  13  0:17  Drone  
  14  0:30  Drone x2  
  14  0:34  Drone  
  17  0:43  Spawning Pool  
  17  0:46  Drone  
  17  1:07  Hatchery  
  17  1:10  Drone  
  17  1:12  Extractor  
  17  1:14  Drone  
  17  1:30  Zergling x4  
  17  1:31  Queen  
  21  1:38  Drone  
  22  1:49  Overlord  
  22  2:06  Queen  
  22  2:07  Drone  
  25  2:10  Drone  
  25  2:12  Metabolic Boost  
  26  2:19  Drone  
  26  2:21  Drone  
  29  2:30  Drone  
  29  2:32  Drone  
  30  2:41  Zergling x8  
  34  2:51  Hatchery  
  34  2:55  Drone  
  34  2:56  Drone  
  35  2:58  Drone  
  35  3:04  Overlord  
  34  3:27  Drone x2  
  34  3:28  Drone x4  
  34  3:30  Spore Crawler  
  34  3:32  Spore Crawler  
  38  3:34  Drone x2  
  40  3:42  Lair  
  40  3:45  Drone  
  40  3:47  Drone  
  42  3:50  Drone  
  42  3:54  Extractor, Overlord  
  42  3:57  Drone  
  42  3:59  Drone  
  44  4:04  Drone x2  
  46  4:10  Roach Warren  
  46  4:12  Zergling x2  
  46  4:13  Zergling x2  
  46  4:14  Zergling x2  
  46  4:16  Zergling x2  
  48  4:18  Zergling x2  
  48  4:22  Drone x2  
  51  4:25  Overlord  
  51  4:27  Zergling x2  
  51  4:29  Zergling x2  
  54  4:31  Zergling x2  
  54  4:32  Zergling x2  
  54  4:36  Overlord  
  55  4:48  Drone  
  55  4:50  Glial Reconstitution  
  55  4:51  Roach x4  
  64  4:54  Roach  
  64  4:57  Overlord  
  66  5:00  Roach  
  66  5:02  Roach  
  66  5:05  Overlord  
  70  5:08  Roach  
  72  5:16  Roach  
  72  5:17  Roach  
  72  5:18  Roach  
  72  5:19  Roach  
  72  5:20  Overlord  
  80  5:24  Overlord  
  78  5:31  Roach x3  
  78  5:34  Roach  
  78  5:35  Zergling x2  
  77  5:37  Zergling x2  
  77  5:38  Zergling x2  
  77  5:42  Zergling x2  
  79  5:46  Roach x2  
  81  5:50  Queen  
  81  5:51  Zergling x2  
  81  5:55  Zergling x2  
  81  5:57  Zergling x2  
  85  6:03  Roach  
  86  6:07  Roach x2  
  87  6:14  Zergling x4  
  87  6:15  Zergling x4  
  87  6:17  Zergling x2  
  88  6:22  Zergling x2, Overseer  
  88  6:23  Zergling x4  
  88  6:24  Drone  
  92  6:30  Drone  
  92  6:31  Drone  
  92  6:34  Drone  
  92  6:39  Roach  
  95  6:40  Roach x2  
  95  6:46  Roach  
  95  6:47  Roach x2  
  105  6:58  Zergling x2  
  101  7:01  Zergling x2  
  101  7:02  Zergling x6  
  101  7:03  Zergling x4  
  101  7:04  Zergling x4  
  101  7:05  Zergling x4  
  101  7:06  Overseer  
  99  7:09  Zergling x2  
  99  7:11  Zergling x2  
  99  7:13  Zergling x2  
  99  7:15  Zergling x2  
  101  7:16  Zergling x2  
  101  7:17  Zergling x2  
  101  7:22  Zergling x4  
  104  7:24  Zergling x4  
  104  7:28  Zergling x2  
  102  7:30  Zergling x2  
  102  7:32  Zergling x2  
  102  7:34  Zergling x2, Ravager x2  
  102  7:35  Ravager  
  102  7:36  Overlord  
  106  7:42  Zergling x2  
  106  7:43  Zergling x2  
  105  7:47  Zergling x2  
  102  7:53  Drone  
  102  7:55  Drone  
  102  7:58  Drone  
  103  7:59  Overseer  
  103  8:01  Ravager  
  103  8:02  Ravager x2  
  103  8:03  Ravager x2  
  103  8:04  Zergling x4  
  103  8:05  Zergling x4  
  109  8:06  Zergling x2, Drone  
  109  8:07  Drone x2  
  109  8:09  Zergling x2, Drone, Spore Crawler, Spine Crawler  
  114  8:13  Overlord  
  114  8:18  Overlord  
  114  8:24  Zergling x2, Overseer  
  113  8:28  Zergling x2  
  113  8:31  Zergling x4  
  113  8:32  Zergling x6  
  113  8:34  Zergling x6  
  111  8:35  Zergling x2  
  111  8:36  Zergling x6  
  111  8:37  Overlord  
  110  8:43  Zergling x2  
  110  8:46  Zergling x2  
Show
View Real Time Build Order
Export as new Build Order

SCV Protoss 

Build Orders: 1 Gate Expand, Mass Adepts 

Get SALT Encoding   

  12  0:00  Probe  
  13  0:12  Probe  
  14  0:19  Pylon  
  14  0:24  Probe  
  15  0:37  Probe (Chrono Boost)  
  15  0:38  Gateway  
  16  0:46  Assimilator, Probe (Chrono Boost)  
  17  0:51  Probe (Chrono Boost)  
  18  1:03  Probe  
  19  1:15  Probe  
  20  1:23  Nexus  
  20  1:32  Cybernetics Core  
  20  1:38  Zealot  
  22  1:45  Pylon  
  22  1:49  Probe  
  23  1:58  Gateway  
  23  2:03  Probe  
  23  2:06  Adept (Chrono Boost)  
  24  2:12  Warp Gate  
  24  2:15  Probe  
  27  2:19  Assimilator  
  27  2:26  Adept (Chrono Boost)  
  27  2:27  Probe  
  30  2:36  Probe (Chrono Boost)  
  32  2:44  Probe (Chrono Boost)  
  32  2:48  Probe (Chrono Boost)  
  35  2:53  Probe x2 (Chrono Boost)  
  35  3:00  Twilight Council  
  35  3:02  Probe  
  35  3:03  Probe  
  35  3:04  Adept  
  39  3:07  Adept  
  41  3:14  Probe  
  41  3:15  Probe  
  43  3:23  Pylon  
  43  3:27  Probe x2  
  44  3:33  Gateway  
  43  3:35  Gateway  
  43  3:36  Resonating Glaives (Chrono Boost)  
  43  3:39  Probe  
  44  3:42  Probe  
  45  3:50  Pylon  
  45  3:51  Probe  
  45  3:54  Probe  
  47  3:59  Stalker  
  49  4:02  Adept  
  49  4:06  Pylon  
  49  4:08  Probe x2  
  53  4:19  Nexus  
  53  4:24  Pylon  
  53  4:26  Adept  
  53  4:27  Adept  
  53  4:29  Adept  
  59  4:31  Adept  
  59  4:34  Assimilator  
  59  4:37  Probe x2  
  63  4:42  Dark Shrine  
  63  4:47  Adept x2  
  63  4:52  Adept  
  69  4:53  Adept  
  69  4:58  Probe x2  
  73  5:05  Pylon  
  73  5:10  Adept x2  
  73  5:12  Probe  
  78  5:15  Assimilator  
  78  5:23  Probe  
  78  5:25  Robotics Facility  
  79  5:28  Probe  
  79  5:33  Adept x4  
  79  5:34  Probe (Chrono Boost)  
  79  5:38  Probe (Chrono Boost)  
  79  5:45  Probe (Chrono Boost)  
  79  5:46  Probe (Chrono Boost)  
  81  5:52  Probe (Chrono Boost)  
  81  5:53  Probe (Chrono Boost)  
  81  5:54  Shield Battery, Probe (Chrono Boost)  
  81  5:56  Dark Templar x2  
  87  6:00  Probe  
  87  6:01  Probe  
  85  6:05  Probe  
  85  6:09  Dark Templar  
  88  6:15  Pylon  
  80  6:21  Immortal (Chrono Boost)  
  80  6:22  Probe x2  
  81  6:27  Shield Battery, Adept  
  81  6:28  Adept x2  
  81  6:32  Gateway  
  86  6:33  Gateway  
  86  6:45  Shield Battery, Stalker  
  86  6:50  Immortal (Chrono Boost)  
  86  6:53  Stalker x3  
  76  7:10  Stalker  
  74  7:17  Gateway  
  74  7:18  Stalker x2  
  74  7:19  Gateway, Stalker  
  78  7:27  Stalker x2  
  78  7:29  Probe x3  
  76  7:34  Shield Battery  
  76  7:36  Stalker  
  78  7:42  Adept x3  
  80  7:50  Adept  
  80  7:51  Adept  
  68  7:53  Immortal (Chrono Boost)  
  61  8:02  Stalker  
  61  8:03  Stalker x3  
  67  8:08  Pylon  
  67  8:11  Adept x2  
  71  8:14  Shield Battery  
  71  8:17  Pylon  
  71  8:22  Immortal (Chrono Boost)  
  71  8:26  Adept x2  
  79  8:30  Adept  
  79  8:32  Adept  
  77  8:39  Adept  
Tags
 
Add a new tag
Caveats
  • Supply blocks, unpowered buildings, or Contaminate may cause inaccurate times.
  • Supply counts are checked every 10 seconds.